 Dungeon Crawl Stone Soup version 0.29.1-13-g9f3cf754e1 (webtiles) character file.

Game seed: 1304902011686389366

782 Sanktem7 the Trooper (level 7, -3/66 HPs)
             Began as a Minotaur Fighter on Jan 23, 2023.
             Was an Initiate of Trog.
             Slain by a gnoll sergeant
             ... wielding a +2 vorpal spear
              (12 damage)
             ... on level 6 of the Dungeon.
             The game lasted 00:09:33 (6084 turns).

Sanktem7 the Trooper (Minotaur Fighter)             Turns: 6084, Time: 00:09:33

Health: -3/66      AC: 12    Str: 22    XL:     7   Next: 55%
Magic:  6/6        EV:  9    Int:  5    God:    Trog [......]
Gold:   347        SH:  4    Dex: 10    Spells: 6/6 levels left

rFire   . . .      SeeInvis .   a - +0 war axe {axe}
rCold   . . .      Faith    .   c - +0 buckler
rNeg    . . .      Spirit   .   b - +0 scale mail
rPois   .          Reflect  .   (helmet restricted)
rElec   .          Harm     .   q - +0 cloak
rCorr   .          Rampage  .   k - +2 pair of gloves
Will    .....                   (no boots)
Stlth   ..........              (no amulet)
HPRegen 0.21/turn               (no ring)
MPRegen 0.10/turn               (no ring)

@: no status effects
A: horns 2, retaliatory headbutt
a: Renounce Religion


You were on level 6 of the Dungeon.
You worshipped Trog.
Trog was noncommittal.
You visited 2 branches of the dungeon, and saw 8 of its levels.

You collected 347 gold pieces.


Innate Abilities, Weirdness & Mutations

You have a pair of horns on your head.
You reflexively headbutt those who attack you in melee.


   Skills:
 * Level 7.3 Fighting
 * Level 6.8 Axes
 + Level 5.8 Armour
 - Level 3.6 Shields


You had 6 spell levels left.
You didn't know any spells.
Your spell library contained the following spells:

 Spells                   Type           Power      Damage    Failure   Level
 Foxfire                  Conj/Fire      0%         2x1d4     86%         1
 Confusing Touch          Hex            0%         N/A       99%         3
 Conjure Flame            Conj/Fire      0%         6-21      99%         3
 Inner Flame              Hex/Fire       0%         N/A       99%         3
 Portal Projectile        Hex/Tloc       0%         N/A       99%         3
 Tukima's Dance           Hex            0%         N/A       99%         3
 Flame Wave               Conj/Fire      0%         2d4       100%        4
 Blade Hands              Tmut           0%         N/A       100%        5
 Yara's Violent Unravell  Hex/Tmut       0%         3d3       100%        5
 Enfeeble                 Hex            0%         N/A       100%        7

Inventory:

Hand Weapons
 a - a +0 war axe (weapon) {axe}
 z - a +2 flail of protection {mace}
   (You took it off an orc on level 4 of the Dungeon)
Missiles
 n - 2 silver javelins {throwing}
 r - 20 poisoned darts (quivered) {throwing}
 v - 3 javelins {throwing}
 w - 9 boomerangs {throwing}
Armour
 b - a +0 scale mail (worn)
 c - a +0 buckler (worn)
 k - a +2 pair of gloves (worn)
   (You found it on level 4 of the Dungeon)
 q - a +0 cloak (worn)
   (You found it on level 1 of the Dungeon)
Scrolls
 l - a scroll of poison {unknown}
 u - 2 scrolls of enchant weapon
 B - 3 scrolls of teleportation {@r4}
Potions
 d - a potion of might
 f - a potion of degeneration {unknown}
 g - 2 potions of attraction {!q}
 h - 8 potions of curing {@q1}
 i - 3 potions of brilliance {unknown}
 j - 2 potions of magic {unknown}
 m - a potion of resistance {unknown}
 o - 2 potions of invisibility
 E - 2 potions of mutation {unknown}

Dungeon Overview and Level Annotations

Branches:
Dungeon (7/15) Zot: 26953  Temple (1/1) D:4 Zot: 5938

Altars:
Ashenzari
Cheibriados
Dithmenos
Elyvilon
Fedhas
Gozag
Hepliaklqana
Kikubaaqudgha
Makhleb
Nemelex Xobeh
Qazlal
Ru
Sif Muna
Trog
Uskayaw
Vehumet
Xom
Yredelemnul
Zin
The Shining One

Shops:
D:4

?
................................#
...............................##
................................#
..................##.............
##................#....###.......
##..................### #.......
#.................## #.......
##.............)...## #.......
##.............g@....# #......#
..#..#..........)....#####......#
.###..#......................#..#
.# ##..#...........##......####..
.## ##..#.........##..####.###...
..# #............##.## #..##...
..## ##....###.......# #......(
...####..#..........## #....##.
........###.........# ##....#.


You could see a gnoll sergeant.


Message History

* * * LOW HITPOINT WARNING * * *
The gnoll barely misses you. 😱 HP[+7]
You regained 7 hp, and now have 10/66 hp.
You slash the gnoll!
You kill the gnoll!
Trog accepts your kill.
You barely miss the gnoll sergeant. You closely miss the gnoll.
The gnoll sergeant barely misses you. The gnoll hits you but does no damage.
You barely miss the gnoll.
You hit the gnoll sergeant but do no damage.
The gnoll sergeant hits you with a +2 vorpal spear.
* * * LOW HITPOINT WARNING * * *
x2 You block the gnoll's attack. 😱 HP[-2]
You take 2 damage, and now have 8/66 hp.
You feel much better.
The gnoll sergeant hits you with a +2 vorpal spear.
* * * LOW HITPOINT WARNING * * *
x2 The gnoll hits you with a +0 halberd.
* * * LOW HITPOINT WARNING * * *
😨 HP[+14]
You regained 14 hp, and now have 22/66 hp.
You hit the gnoll. Your headbutt misses the gnoll.
You barely miss the gnoll sergeant.
The gnoll sergeant hits you with a +2 vorpal spear.
* * * LOW HITPOINT WARNING * * *
x2 The gnoll hits you but does no damage. 😨 HP[-5]
You take 5 damage, and now have 17/66 hp.
You slash the gnoll!
You kill the gnoll!
Trog accepts your kill.
You barely miss the gnoll sergeant.
The gnoll sergeant hits you but does no damage.
The gnoll sergeant hits you with a +2 vorpal spear.
* * * LOW HITPOINT WARNING * * *
x2 😱 HP[-3]
You take 3 damage, and now have 14/66 hp.
You closely miss the gnoll sergeant.
The gnoll sergeant hits you but does no damage. 😱 HP[+1]
You hit the gnoll sergeant. You block the gnoll sergeant's attack.
You closely miss the gnoll sergeant.
The gnoll sergeant hits you with a +2 vorpal spear.
* * * LOW HITPOINT WARNING * * *
x2 😱 HP[-7]
You take 7 damage, and now have 8/66 hp.
You closely miss the gnoll sergeant.
The gnoll sergeant hits you with a +2 vorpal spear.
* * * LOW HITPOINT WARNING * * *
x2 😱 HP[-4]
You take 4 damage, and now have 4/66 hp.
You barely miss the gnoll sergeant.
You headbutt the gnoll sergeant, but do no damage.
The gnoll sergeant hits you with a +2 vorpal spear.
* * * LOW HITPOINT WARNING * * *
x2 😱 HP[-2]
You take 2 damage, and now have 2/66 hp.
You feel much better.
The gnoll sergeant hits you with a +2 vorpal spear.
* * * LOW HITPOINT WARNING * * *
x2 😨 HP[+17]
You regained 17 hp, and now have 19/66 hp.
You hit the gnoll sergeant but do no damage.
You headbutt the gnoll sergeant, but do no damage.
The gnoll sergeant hits you but does no damage.
You block the gnoll sergeant's attack.
You hit the gnoll sergeant but do no damage.
You headbutt the gnoll sergeant, but do no damage.
The gnoll sergeant hits you with a +2 vorpal spear.
* * * LOW HITPOINT WARNING * * *
x2 😱 HP[-3]
You take 3 damage, and now have 16/66 hp.
You barely miss the gnoll sergeant.
You headbutt the gnoll sergeant, but do no damage.
The gnoll sergeant hits you with a +2 vorpal spear.
* * * LOW HITPOINT WARNING * * *
x2 😱 HP[-5]
You take 5 damage, and now have 11/66 hp.
You hit the gnoll sergeant. You headbutt the gnoll sergeant.
You block the gnoll sergeant's attack.
You hit the gnoll sergeant but do no damage.
The gnoll sergeant completely misses you.
You furiously retaliate!
You headbutt the gnoll sergeant! You barely miss the gnoll sergeant.
You headbutt the gnoll sergeant, but do no damage.
The gnoll sergeant hits you but does no damage.
The gnoll sergeant hits you with a +2 vorpal spear.
* * * LOW HITPOINT WARNING * * *
x2 😱 HP[-3]
You take 3 damage, and now have 8/66 hp.
You hit the gnoll sergeant but do no damage.
The gnoll sergeant barely misses you. 😱 HP[+1]
You closely miss the gnoll sergeant.
The gnoll sergeant hits you but does no damage.
You slash the gnoll sergeant!
The gnoll sergeant hits you with a +2 vorpal spear!
You die...

Skill      XL: |  1  2  3  4  5  6  7 |
---------------+----------------------+-----
Fighting       | 4 5 6 7 |  7.3
Axes           | 3 4 5 6 |  6.8
Armour         | 4 5 |  5.8
Shields        | |  3.6

Action                   |  1- 3 |  4- 6 |  7- 9 || total
-------------------------+-------+-------+-------++-------
Melee: War axe           |   107 |   105 |    45 ||   257
       Headbutt          |    13 |    20 |     9 ||    42
  Use: Scroll            |       |    10 |       ||    10
       Potion            |       |       |     3 ||     3
Armor: Scale mail        |    56 |    47 |    32 ||   135
Dodge: Dodged            |    42 |    43 |    14 ||    99
Block: Buckler           |    31 |    15 |    14 ||    60

Levels and vault maps discovered:
D:1:      dpeg_arrival_leaves_temple_mockup, layout_basic, minmay_tripent
D:2:      layout_loops_corners, basic_altar, serial_forest,
          infiniplex_forest_straight_4, infiniplex_forest_diagonal,
          infiniplex_forest_lined_corner, infiniplex_forest_straight_2,
          infiniplex_forest_lined_corner, infiniplex_forest_lined_corner,
          infiniplex_forest_clump_cross
D:3:      layout_basic, grunt_temple_overflow_champion_of_chaos,
          nicolae_overflow_hallway_of_the_gods, nicolae_ecumenical_oubliette
D:4:      layout_basic, lemuel_temple_firewalk_b, serial_shops, shop_scrolls
D:5:      layout_gridville
D:6:      layout_layer_cave, mainiacjoe_overflow_boulevard,
          mainiacjoe_overflow_small_starburst, mainiacjoe_overflow_alcove_2
D:7:      erik_cavepeople, layout_basic, uniq_pikel
Temple:   nicolae_temple_ecumenical_triangle

Notes
Turn   | Place    | Note
-------+----------+-------------------------------------------
     0 | D:1      | Sanktem7 the Minotaur Fighter began the quest for the Orb.
     0 | D:1      | Reached XP level 1. HP: 19/19 MP: 0/0
     0 | D:1      | magus.rc [v1.9.6]
     3 | D:1      | You pick up a book of Misfortune and begin reading...
     3 | D:1      | You add the spells Confusing Touch, Yara's Violent
                  | Unravelling and Enfeeble to your library.
   158 | D:1      | Reached XP level 2. HP: 21/27 MP: 1/1
   159 | D:1      | Reached skill level 4 in Fighting
   266 | D:1      | Reached skill level 3 in Axes
   352 | D:1      | You fall into a shaft and drop 1 floor!
   380 | D:2      | Found a shimmering altar of Xom.
   867 | D:2      | Reached skill level 4 in Armour
   921 | D:2      | Reached XP level 3. HP: 33/33 MP: 2/2
  1913 | D:3      | Found a glowing golden altar of the Shining One.
  1914 | D:3      | Found a shimmering blue altar of Sif Muna.
  1920 | D:3      | Found an opulent altar of Gozag.
  1922 | D:3      | Found a stormy altar of Qazlal.
  1923 | D:3      | Found a broken altar of Ashenzari.
  1925 | D:3      | Found a sacrificial altar of Ru.
  1930 | D:3      | Found a radiant altar of Vehumet.
  2023 | D:3      | Reached XP level 4. HP: 41/41 MP: 3/3
  2028 | D:3      | Found a shimmering altar of Xom.
  2028 | D:3      | Found a burning altar of Makhleb.
  2039 | D:3      | Reached skill level 4 in Axes
  2086 | D:3      | Noticed a scorpion
  2091 | D:3      | Killed a scorpion
  2092 | D:3      | Reached skill level 5 in Fighting
  2092 | D:3      | Reached XP level 5. HP: 37/48 MP: 4/4
  2458 | D:3      | Found a faded altar of an unknown god.
  2828 | D:4      | Found Dasobach's Magic Scroll Emporium.
  3015 | D:4      | Reached skill level 5 in Axes
  3026 | D:4      | Reached XP level 6. HP: 34/57 MP: 5/5
  3282 | D:4      | Reached skill level 6 in Fighting
  3282 | D:4      | Reached skill level 5 in Armour
  3796 | D:4      | Found a staircase to the Ecumenical Temple.
  3805 | Temple   | Entered the Ecumenical Temple
  3849 | Temple   | Became a worshipper of Trog the Wrathful
  4028 | D:5      | Entered Level 5 of the Dungeon
  4597 | D:5      | Reached skill level 6 in Axes
  4922 | D:6      | You pick up a book of Weapons {forbidden} and begin
                  | reading...
  4922 | D:6      | You add the spells Tukima's Dance, Portal Projectile and
                  | Blade Hands to your library.
  5035 | D:6      | Found a blossoming altar of Fedhas.
  5047 | D:6      | Reached XP level 7. HP: 64/64 MP: 6/6
  5073 | D:6      | Found a glowing silver altar of Zin.
  5112 | D:6      | You pick up a book of Flames {forbidden} and begin
                  | reading...
  5112 | D:6      | You add the spells Foxfire, Conjure Flame, Inner Flame and
                  | Flame Wave to your library.
  5167 | D:6      | Reached skill level 7 in Fighting
  5565 | D:6      | Found an ancient bone altar of Kikubaaqudgha.
  6061 | D:7      | HP: 8/66 [gnoll sergeant/+2 vorpal spear (9)]
  6063 | D:6      | HP: 3/66 [gnoll/+0 halberd[a gnoll sergeant] (5)]
  6069 | D:6      | HP: 15/66 [gnoll sergeant/+2 vorpal spear (2)]
  6073 | D:6      | HP: 5/66 [gnoll sergeant/+2 vorpal spear (3)]
  6074 | D:6      | HP: 2/66 [gnoll sergeant/+2 vorpal spear (1)]
  6081 | D:6      | HP: 9/66 [gnoll sergeant/+2 vorpal spear (2)]
  6084 | D:6      | Slain by a gnoll sergeant

Vanquished Creatures
  An ice beast (D:6)
  An ogre (D:4)
  A scorpion (D:3)
  A necrophage (D:6)
  A howler monkey (D:5)
  A crimson imp (D:3)
  3 hounds
  An orc priest (D:6)
  An iguana (D:4)
  3 orc wizards
  5 gnolls
  6 adders
  A white imp (D:5)
  A worm (D:5)
  A dart slug (D:4)
  14 orcs
  2 ball pythons
  7 endoplasms
  3 giant cockroaches
  5 goblins
  7 hobgoblins
  2 jackals (D:1)
  5 kobolds
  5 quokkas
  4 bats
  4 frilled lizards
  5 rats
91 creatures vanquished.

Table legend:
 A = Non-vault XP
 B = Vault XP
 C = Vault XP percentage of total XP
 D = Non-vault monster count
 E = Vault monster count
 F = Vault count percentage of total count
                 A         B        C        D         E       F
            +---------+---------+-------+---------+---------+-------
      Total |    1066 |      52 |   4.7 |      88 |       3 |   3.3
            +---------+---------+-------+---------+---------+-------
        D:1 |      38 |       2 |   5.0 |      22 |       2 |   8.3
        D:2 |      25 |       0 |   0.0 |      14 |       0 |   0.0
        D:3 |     132 |      50 |  27.5 |      10 |       1 |   9.1
        D:4 |     302 |       0 |   0.0 |      23 |       0 |   0.0
        D:5 |     170 |       0 |   0.0 |       7 |       0 |   0.0
        D:6 |     356 |       0 |   0.0 |       9 |       0 |   0.0
        D:7 |      43 |       0 |   0.0 |       3 |       0 |   0.0
            +---------+---------+-------+---------+---------+-------

Illustrated notes

Table legend:
 A = Kills in this place as a percentage of kills in entire the game.
 B = Kills by you in this place as a percentage of kills by you in the entire game.
 C = Kills by friends in this place as a percentage of kills by friends in the entire game.
 D = Other kills in this place as a percentage of other kills in the entire game.
 E = Experience gained in this place as a percentage of experience gained in the entire game.
 F = Experience gained in this place divided by the number of levels of this place that you have seen.
                   A       B       C       D       E      F
               +-------+-------+-------+-------+-------+----------------------
         Total | 100.0 | 100.0 |   N/A |   N/A | 100.0 | 139.8
       Dungeon | 100.0 | 100.0 |   N/A |   N/A | 100.0 | 159.7
               +-------+-------+-------+-------+-------+----------------------

Table legend: (Time is in decaauts)
 A = Elapsed time spent in this place.
 B = Non-inter-level travel time spent in this place.
 C = Inter-level travel time spent in this place.
 D = Time resting spent in this place.
 E = Time spent auto-exploring this place.
 F = Levels seen in this place.
 G = Mean time per level.
                   A        B        C        D        E       F      G
               +--------+--------+--------+--------+--------+-----+--------+
         Total |   6153 |   5831 |    322 |      0 |   5120 |   8 |  769.1 |
       Dungeon |   6091 |   5769 |    322 |      0 |   5090 |   7 |  870.1 |
        Temple |     61 |     61 |      0 |      0 |     30 |   1 |   61.0 |
               +--------+--------+--------+--------+--------+-----+--------+

Top non-repeatable levels by time:
     D:4: 1226 daAuts
     D:6: 1166 daAuts
     D:2: 1154 daAuts
     D:5: 886 daAuts
     D:3: 879 daAuts
     D:1: 759 daAuts
  Temple: 61 daAuts
     D:7: 19 daAuts
